 Dungeon Crawl Stone Soup version 0.32-a0-909-gc671339a80 (webtiles) character file.

Game seed: 9212442965515395606

254 GiantSquids the Chopper (level 5, -6/67 HPs)
             Began as a Mountain Dwarf Fighter on Apr 6, 2024.
             Killed by divine providence
             ... invoked by an orc priest
              (11 damage)
             ... on level 3 of the Dungeon.
             The game lasted 00:03:16 (1240 turns).

GiantSquids the Chopper (Mountain Dwarf Fighter)    Turns: 1240, Time: 00:03:16

Health: -6/67      AC:  6    Str: 19 (20) XL:     5   Next: 91%
Magic:  5/5        EV:  8    Int:  7 (9)  God:
Gold:   74         SH:  0    Dex:  8 (9)  Spells: 4/4 levels left

rFire   . . .        o - +5 woodcutter's axe
rCold   . . .        (shield currently unavailable)
rNeg    . . .        b - +0 scale mail
rPois   .            (no helmet)
rElec   .            (no cloak)
rCorr   .            (no gloves)
SInv    .            (no boots)
Will    .....        (no amulet) Stlth
                     (no ring)
HPRegen 0.31/turn    (no ring)
MPRegen 0.09/turn

%: no passive effects
@: brilliant, berserking, very quick
A: runic magic, artefact enchanting
a: Convert to Beogh


You were on level 3 of the Dungeon.
You visited 1 branch of the dungeon, and saw 3 of its levels.

You collected 74 gold pieces.

Inventory:

Hand Weapons
 a - a +0 war axe
 o - the +5 woodcutter's axe (weapon)
   (You found it on level 2 of the Dungeon)
Missiles
 h - 34 stones (quivered)
Armour
 b - a +0 scale mail (worn)
Jewellery
 i - a ring of flight
Scrolls
 l - a scroll of enchant armour {unknown}
 m - 2 scrolls of identify {unknown}
 n - a scroll of immolation {unknown}
Potions
 c - a potion of magic {unknown}
 d - 2 potions of might
 e - a potion of enlightenment {unknown}
 f - a potion of degeneration
 g - 2 potions of curing
 j - a potion of brilliance
 k - a potion of berserk rage


   Skills:
 - Level 3.2 Fighting
 + Level 7.5 Axes
 - Level 3.2 Armour
 - Level 3.2 Shields


You had 4 spell levels left.
You didn't know any spells.
Your spell library was empty.

Dungeon Overview and Level Annotations

Branches:
Dungeon (3/15)

Altars:
Kikubaaqudgha

Shops:
D:2 :


Innate Abilities, Weirdness & Mutations

Your spellcasting is much less encumbered by armour.
You can use scrolls of enchantment on lesser artefacts.


Message History

The puff of flame hits you.
* * * LOW HITPOINT WARNING * * *
You miss something.
The orc priest calls down the wrath of Beogh upon you.
Something writhes in agony.
Something completely misses you.
You bump into the rock wall.
Something hits you.
* * * LOW HITPOINT WARNING * * *
You miss something.
You feel less confused. Something hits you but does no damage.
You closely miss something.
The orc priest calls down the wrath of Beogh upon you.
Something writhes in agony.
Something hits you.
* * * LOW HITPOINT WARNING * * *
It was a potion of degeneration.
There was something very wrong with that liquid.
You feel weakened.
You feel dopey.
You feel clumsy. Something hits you but does no damage.
It was a potion of berserk rage.
A red film seems to cover your vision as you go berserk!
You feel yourself moving faster!
You feel mighty! Something hits you but does no damage.
You closely miss something.
The orc priest looks encouraged for a moment.
Something hits you but does no damage.
You closely miss something.
The orc priest threatens, "Beogh's wrath is as vast as their mercy.
Make your choice!"
Reactivating autopickup.
An orc wizard appears from thin air!
The orc priest looks encouraged for a moment.
The orc wizard hits you but does no damage.
You closely miss the orc wizard.
The orc wizard is moderately wounded.
The orc wizard closely misses you.
The orc priest shouts, "Beogh offers mercy even to people such as you.
Join us and be reborn!"
You slice the orc wizard!!
You kill the orc wizard!
The orc priest calls down the wrath of Beogh upon you.
Beogh smites you!
You die...

#. ####..#
# #).# #..#
#..# ###..#
#....#
#.##.......
#.#########
#@# #)# #o#
.o# #.# #.#
#.# #.#


You could see an orc priest and an orc.

Vanquished Creatures
  Sigmund (D:2)
  An orc priest (D:3)
  An orc wizard (D:3)
  2 adders
  A dart slug (D:2)
  3 ribbon worms (D:2)
  An orc (D:3)
  3 endoplasms
  A giant cockroach (D:1)
  3 goblins (D:2)
  2 hobgoblins
  2 jackals (D:1)
  3 quokkas (D:1)
  4 ball pythons
  A bat (D:1)
  2 frilled lizards
  7 kobolds
  5 rats
43 creatures vanquished.

Notes
Turn   | Place    | Note
-------+----------+-------------------------------------------
     0 | D:1      | GiantSquids the Mountain Dwarf Fighter began the quest for
                  | the Orb.
     0 | D:1      | Reached XP level 1. HP: 19/19 MP: 1/1
    21 | D:1      | You fall into a shaft and drop 1 floor!
   126 | D:2      | Reached skill level 3 in Axes
   132 | D:2      | Reached XP level 2. HP: 19/26 MP: 2/2
   225 | D:1      | Reached skill level 4 in Axes
   302 | D:1      | Reached XP level 3. HP: 31/31 MP: 3/3
   570 | D:2      | Found the +5 woodcutter's axe
   677 | D:2      | Found Jeobeged's Book Shop.
   766 | D:2      | Noticed Sigmund
   779 | D:2      | Killed Sigmund
   780 | D:2      | Reached skill level 7 in Axes
   780 | D:2      | Reached XP level 4. HP: 38/38 MP: 4/4
   780 | D:2      | Reached XP level 5. HP: 45/45 MP: 5/5
  1072 | D:2      | Found an ancient bone altar of Kikubaaqudgha.
  1224 | D:3      | HP: 2/45 [orc/+0 flail (6)]
  1234 | D:3      | HP: 2/45 [something (2)]
  1240 | D:3      | Killed from afar by an orc priest

Illustrated notes

Levels and vault maps discovered:
D:1:      scummos_arrival_simple_fountains, layout_basic, minmay_misc_feat_chi
D:2:      layout_loops_ring, basic_altar, serial_shops, nicolae_shop_tiny_glass,
          fountainhead, uniq_sigmund
D:3:      layout_loops_ring, amcnicky_altar_gilded,
          hellmonk_ghost_happy_afterlife, uniq_terence

Skill      XL: |  1  2  3 |
---------------+----------+-----
Axes           | 3 4 7 |  7.5
Fighting       | |  3.2
Armour         | |  3.2
Shields        | |  3.2

Action                     |  1- 3 |  4- 6 || total
---------------------------+-------+-------++-------
  Melee: War axe           |    87 |       ||    87
         Battleaxe         |     8 |    24 ||    32
    Use: Potion            |       |     4 ||     4
 Armour: Scale mail        |   106 |    19 ||   125
  Dodge: Dodged            |    34 |    10 ||    44
  Block: Buckler           |    22 |       ||    22

Table legend: (Time is in decaauts)
 A = Elapsed time spent in this place.
 B = Non-inter-level travel time spent in this place.
 C = Inter-level travel time spent in this place.
 D = Time resting spent in this place.
 E = Time spent auto-exploring this place.
 F = Levels seen in this place.
 G = Mean time per level.
                   A        B        C        D        E       F      G
               +--------+--------+--------+--------+--------+-----+--------+
         Total |   1270 |   1253 |     17 |      0 |    929 |   3 |  423.3 |
       Dungeon |   1270 |   1253 |     17 |      0 |    929 |   3 |  423.3 |
               +--------+--------+--------+--------+--------+-----+--------+

Top non-repeatable levels by time:
     D:2: 852 daAuts
     D:1: 329 daAuts
     D:3: 88 daAuts
